 Dungeon Crawl Stone Soup version 0.21-a0-509-gecc5317 (webtiles) character file.

79 BingusPrime the Charmwright (level 4, -4/35 HPs)
             Began as a Barachi Skald on Nov 30, 2017.
             Killed from afar by an orc wizard (6 damage)
             ... with a magic dart
             ... on level 3 of the Dungeon.
             The game lasted 00:08:22 (2039 turns).

BingusPrime the Charmwright (Barachi Skald)         Turns: 2039, Time: 00:08:23

Health: -4/35      AC:  4    Str: 12    XL:     4   Next: 38%
Magic:  0/8        EV: 12    Int: 14    God:
Gold:   185        SH:  0    Dex: 12    Spells: 6/9 levels left

rFire    . . .     SeeInvis +   a - +0 falchion
rCold    . . .     Gourm    .   (no shield)
rNeg     . . .     Faith    .   b - +1 leather armour
rPois    .         Spirit   .   (no helmet)
rElec    .         Reflect  .   (no cloak)
rCorr    .         Harm     .   (no gloves)
MR       .....                  (no boots)
Stlth    +.........             (no amulet)
HPRegen  0.11/turn              f - ring of see invisible
MPRegen  0.11/turn              (no ring)

@: shrouded, can't hop, very slightly contaminated, slowed, very slow
A: +LOS, swims, slowness 1, strong legs 1
a: Hop


You were on level 3 of the Dungeon.
You were hungry.

You visited 1 branch of the dungeon, and saw 3 of its levels.

You collected 185 gold pieces.

Inventory:

Hand Weapons
 a - a +0 falchion (weapon)
 m - a +3 dagger of venom
Missiles
 e - 8 javelins (quivered)
 i - 8 tomahawks
Armour
 b - a +1 leather armour (worn)
Jewellery
 f - a ring of see invisible (left hand)
 o - an uncursed ring of flight {unknown}
Wands
 s - a wand of flame (12)
Scrolls
 q - a scroll of immolation {unknown}
 r - a scroll of magic mapping {unknown}
 t - 2 scrolls of identify {unknown}
 u - a scroll of amnesia
Potions
 g - a potion of curing {unknown}
 h - a potion of invisibility {unknown}
 j - a potion of magic {unknown}
 p - a potion of mutation {unknown}
Books
 c - a book of Battle

   Spells                             Type                      Level
   a - Infusion                       Charms                       1
   b - Shroud of Golubria             Charms/Translocation         2
   c - Song of Slaying                Charms                       2
   d - Spectral Weapon                Hexes/Charms                 3
   e - Regeneration                   Charms/Necromancy            3
Comestibles
 d - 2 bread rations
 k - a meat ration
 l - a fruit
 n - a royal jelly


   Skills:
 * Level 3.1 Fighting
 * Level 3.0 Long Blades
 * Level 1.9 Armour
 + Level 2.5 Dodging
 + Level 3.0 Spellcasting
 + Level 3.8 Charms
 + Level 0.2 Translocations


You had 6 spell levels left.
You knew the following spells:

 Your Spells              Type           Power        Failure   Level  Hunger
a - Infusion              Chrm           ##..         5%          1    #......
b - Shroud of Golubria    Chrm/Tloc      #.........   19%         2    ##.....


Dungeon Overview and Level Annotations

Branches:
Dungeon (3/15)

Altars:

Annotations:
D:3 BingusPrime's ghost, amateur BaSk


Innate Abilities, Weirdness & Mutations

Shadows flee at your approach. (+LOS)
You can swim through water.
You cover ground slowly.
You can hop short distances.


Message History

Found 3 gold pieces.
Aiming: Throw Flame
Press: ? - help, Shift-Dir - straight line, f - orc wizard
Aim: an orc wizard, wielding a dagger and wearing a robe (lightly wounded, fast)
The puff of flame hits the orc wizard.
The orc wizard is heavily wounded.
The orc wizard gestures at you while chanting.
The magic dart hits you!
* * * LOW HITPOINT WARNING * * *
Casting: Shroud of Golubria
Confirm with . or Enter, or press ? or * to list all spells.
Space distorts slightly along a thin shroud covering your body.
The orc wizard hits you with a dagger.
* * * LOW HITPOINT WARNING * * *
The orc wizard gestures wildly while chanting.
The orc wizard blinks!
The orc wizard is no longer moving quickly.
The orc wizard gestures at you while chanting.
The magic dart hits you!
You die...

###..$.# #......#
#......# #...o..#
#.....(# ##+##
......# ##...##
#.#..# #.....##
##....# .....o.##
##.##@##
........####...#.#
........'.o).(...#
........####...#.#
.......## ###.##.#
#.....## #......#
##...## #.######
##'## #.# #.#####
#.#


You could see an orc wizard.

Vanquished Creatures
  2 adders
  An ooze (D:2)
  3 leopard geckos
  2 orcs (D:3)
  A ball python (D:1)
  7 bats
  2 giant cockroaches
  7 goblins
  5 hobgoblins
  2 jackals (D:1)
  9 kobolds
  A frilled lizard (D:1)
  4 rats
46 creatures vanquished.

Notes
Turn   | Place    | Note
-------+----------+-------------------------------------------
     0 | D:1      | BingusPrime the Barachi Skald began the quest for the Orb.
     0 | D:1      | Reached XP level 1. HP: 17/17 MP: 3/3
   171 | D:1      | Reached XP level 2. HP: 23/23 MP: 1/5
   249 | D:1      | Learned a level 2 spell: Shroud of Golubria
   568 | D:1      | Reached XP level 3. HP: 27/28 MP: 2/6
  1076 | D:2      | Reached XP level 4. HP: 35/35 MP: 8/8
  1560 | D:3      | Noticed BingusPrime's ghost (amateur BaSk)
  2038 | D:3      | HP: 1/35 [orc wizard/dagger (1)]
  2039 | D:3      | Killed from afar by an orc wizard

Vault maps used:
D:1:      minmay_arrival_stone_box
D:3:      bloody_trog, first_bread, led_sif_pool, uniq_ijyb

Skill      XL: |  1  2  3  4 |
---------------+-------------+-----
Fighting       | 3 |  3.1
Spellcasting   | 3 |  3.0
Long Blades    | 3 |  3.0
Armour         | |  1.9
Dodging        | |  2.5
Charms         | |  3.8
Translocations | |  0.2

Action                   |  1- 3 |  4- 6 || total
-------------------------+-------+-------++-------
Melee: Falchion          |   104 |    41 ||   145
 Cast: Infusion          |     3 |       ||     3
       Shroud of Golubri |     7 |     7 ||    14
 Abil: Hop               |       |     2 ||     2
Evoke: Wand              |       |     1 ||     1
  Use: Scroll            |     3 |       ||     3
  Eat: Chunk             |     2 |     1 ||     3
       Royal jelly       |       |     1 ||     1
Armor: Leather armour    |    42 |    16 ||    58
Dodge: Dodged            |   104 |    32 ||   136
       Rpst.: Falchion   |    31 |    10 ||    41

Table legend:
 A = Spawn XP
 B = Non-spawn XP
 C = Spawn XP percentage of total XP
 D = Spawn monster count
 E = Non-spawn monster count
 F = Spawn count percentage of total count
 G = Total turns spent on level
                    A         B        C        D         E        F      G
               +---------+---------+-------+---------+---------+-------+---------
         Total |       0 |     114 |   0.0 |       0 |      46 |   0.0 |  2039
               +---------+---------+-------+---------+---------+-------+---------
           D:1 |       0 |      52 |   0.0 |       0 |      29 |   0.0 |   888
           D:2 |       0 |      33 |   0.0 |       0 |       9 |   0.0 |   873
           D:3 |       0 |      29 |   0.0 |       0 |       8 |   0.0 |   278
               +---------+---------+-------+---------+---------+-------+---------
